 Dungeon Crawl Stone Soup version 0.18-a0-1507-g69458e0 (webtiles) character file.

372 Etesian the Ruffian (level 6, 0/61 HPs)
             Began as a Troll Fighter on Mar 5, 2016.
             Was a Believer of Cheibriados.
             Slain by an ogre
             ... wielding a +0 giant spiked club
              (21 damage)
             ... on level 4 of the Dungeon.
             The game lasted 00:11:04 (2098 turns).

Etesian the Ruffian (Troll Fighter)                 Turns: 2098, Time: 00:11:04

Health: 0/61       AC:  5    Str: 33    XL:     6   Next: 43%
Magic:  5/5        EV:  9    Int: 10    God:    Cheibriados [**....]
Gold:   77         SH: 10    Dex: 15    Spells: 0 memorised, 5 levels left

rFire  . . .     SeeInvis .       - Unarmed
rCold  . . .     Gourm    +     a - +0 robe
rNeg   . . .     Faith    .     b - +0 shield
rPois  .         Spirit   .     (helmet restricted)
rElec  .         Dismiss  .     (no cloak)
rCorr  .         Reflect  .     (gloves unavailable)
SustAt .         Harm     .     (boots unavailable)
MR     .....                    (no amulet)
Stlth  +.........               (no ring)
                                j - ring of flight

@: very slow, not resistant to hostile enchantments, very unstealthy
A: unfitting armour, claws 3, fast metabolism 3, gourmand, regeneration 2,
shaggy fur 1, tough skin 2
a: Bend Time, Renounce Religion, Evoke Flight


You were on level 4 of the Dungeon.
You worshipped Cheibriados.
Cheibriados was pleased with you.
You were very full.

You visited 1 branch of the dungeon, and saw 4 of its levels.

You collected 77 gold pieces.

Inventory:

Armour
 a - a +0 robe (worn)
 b - a +0 shield (worn)
Jewellery
 j - a ring of flight (left claw)
Wands
 p - a wand of teleportation (8/9)
Scrolls
 g - 2 scrolls of identify
 k - a scroll of remove curse
Potions
 c - a potion of might
 e - 3 potions of lignification
 h - 2 potions of flight
 i - 2 potions of invisibility
 m - a potion of cancellation
Comestibles
 d - 5 bread rations
 f - 2 beef jerkies
 l - 2 fruits
 t - 2 meat rations


   Skills:
 + Level 3.4 Fighting
 + Level 3.4 Dodging
 + Level 3.4 Shields
 * Level 4.6 Unarmed Combat


You had 5 spell levels left.
You didn't know any spells.

Dungeon Overview and Level Annotations

Branches:
Dungeon (4/15)
 Temple: D:4-7

Altars:
Cheibriados
Sif Muna


Innate Abilities, Weirdness & Mutations

You are too large for most types of armour.
You have claws for hands.
Your metabolism is lightning-fast.
You like to eat raw meat.
You heal very quickly.
You are covered in fur (AC +1).
You have very tough skin (AC +2).


Message History

The orc hits you but does no damage. The orc hits you with a mace.
The orc priest closely misses you.
You scratch the orc priest.
The orc priest is almost dead.
The orc hits you but does no damage. The orc closely misses you.
You block the orc priest's attack.
You claw the orc priest!
You kill the orc priest!
Cheibriados appreciates the change of pace.
The orc hits you with a mace. You block the orc's attack.
Okay, then.
You claw the orc!
You kill the orc!
Cheibriados appreciates the change of pace.
The orc completely misses you.
You claw the ogre!
The ogre is moderately wounded.
You block the orc's attack.
The ogre hits you with a giant spiked club!!
You die...

#####...# .#
#.......# #.#
........# ##.#
........### #..#
#>........#####..#
##...........(...#
#.....รท.........#
##.....####..(..##
#..#### ####)@)#
#..# ##oO# #....#
#..... .....#
#.....# ###...
##...## # #...
..## .## .#


You could see an ogre and an orc.

Vanquished Creatures
  An ogre (D:3)
  An orc priest (D:4)
  Natasha (thrice) (D:2)
  Terence (D:3)
  An orc wizard (D:4)
  2 worker ant zombies (D:4)
  4 adders
  An adder skeleton (D:3)
  An adder zombie (D:4)
  2 dart slugs (D:1)
  4 giant geckos
  6 orcs
  4 bats
  2 giant cockroaches (D:2)
  4 hobgoblins
  6 jackals (D:1)
  2 quokkas
  A giant gecko zombie (D:4)
  3 giant newts
  3 goblins
  6 kobolds
  6 rats
64 creatures vanquished.

Vanquished Creatures (others)
  An orc (D:3)
1 creature vanquished.

Grand Total: 65 creatures vanquished

Notes
Turn   | Place    | Note
--------------------------------------------------------------
     0 | D:1      | Etesian the Troll Fighter began the quest for the Orb.
     0 | D:1      | Reached XP level 1. HP: 22/22 MP: 0/0
   102 | D:1      | Reached XP level 2. HP: 27/29 MP: 1/1
   756 | D:2      | Reached XP level 3. HP: 36/36 MP: 2/2
   857 | D:2      | Found a faded altar to an unknown god.
   867 | D:2      | Became a worshipper of Cheibriados the Contemplative
   867 | D:2      | Reached * piety under Cheibriados
   875 | D:2      | Noticed Natasha
   880 | D:2      | Killed Natasha
   880 | D:2      | Reached skill level 3 in Unarmed Combat
  1092 | D:2      | Reached XP level 4. HP: 44/44 MP: 3/3
  1256 | D:2      | Noticed Natasha
  1267 | D:2      | Killed Natasha
  1312 | D:2      | Noticed Natasha
  1319 | D:2      | Killed Natasha
  1379 | D:2      | Reached ** piety under Cheibriados
  1471 | D:3      | Reached XP level 5. HP: 53/53 MP: 4/4
  1478 | D:3      | Noticed Terence
  1487 | D:3      | Killed Terence
  1550 | D:3      | Noticed an ogre
  1559 | D:3      | Killed an ogre
  1559 | D:3      | Reached skill level 4 in Unarmed Combat
  1681 | D:3      | Found a deep blue altar of Sif Muna.
  1769 | D:3      | Reached XP level 6. HP: 58/61 MP: 5/5
  2098 | D:4      | Slain by an ogre

Vault maps used:
D:1:      lightli_arrival_farm
D:2:      ecumenical_altar_2, uniq_natasha
D:3:      lemuel_doored_altar, first_bread, uniq_terence
D:4:      serial_shops, nicolae_shop_stone, serial_undead, serial_undead_a,
          serial_undead_b, serial_undead_c, serial_undead_b

Skill      XL: |  1  2  3  4  5 |
---------------+----------------+-----
Unarmed Combat | 3 4 |  4.6
Fighting       | 3 |  3.4
Dodging        | 3 |  3.4
Shields        | 3 |  3.4

Action                   |  1- 3 |  4- 6 || total
-------------------------+-------+-------++-------
Melee: Unarmed           |    76 |   105 ||   181
  Use: Scroll            |       |     9 ||     9
  Eat: Chunk             |    15 |     5 ||    20
